 Dungeon Crawl Stone Soup version 0.21-a0-538-gd16b88a (webtiles) character file.

145 KeeTraxx the Shield-Bearer (level 5, -2/36 HPs)
             Began as an Octopode Fighter on Dec 15, 2017.
             Slain by a goblin
             ... wielding a +0 club
             ... led by Robin
              (4 damage)
             ... on level 3 of the Dungeon.
             The game lasted 00:03:20 (1848 turns).

KeeTraxx the Shield-Bearer (Octopode Fighter)       Turns: 1848, Time: 00:03:21

Health: -2/36      AC:  1    Str: 15    XL:     5   Next: 27%
Magic:  5/5        EV: 12    Int: 12    God:
Gold:   129        SH:  8    Dex: 11    Spells: 4/4 levels left

rFire    . . .     SeeInvis .     - Unarmed
rCold    . . .     Gourm    .   a - +0 shield
rNeg     . . .     Faith    .   (helmet restricted)
rPois    .         Spirit   .   (no amulet)
rElec    .         Reflect  .   p - ring of stealth
rCorr    .         Harm     .   (no ring)
MR       .....                  (no ring)
Stlth    ++++......             (no ring)
HPRegen  0.12/turn              (no ring)
MPRegen  0.09/turn              (no ring)
                                (no ring)
                                (no ring)

@: no status effects
A: almost no armour, stealthy swim, amphibious, 8 rings, constrict 8, camouflage
1, gelatinous body 1
a: no special abilities


You were on level 3 of the Dungeon.
You were not hungry.

You visited 1 branch of the dungeon, and saw 3 of its levels.

You collected 129 gold pieces.

Inventory:

Hand Weapons
 b - a +0 blowgun
Missiles
 j - 135 stones (quivered)
 v - 15 poisoned needles
Armour
 a - a +0 shield (worn)
Jewellery
 p - a ring of stealth (left tentacle)
Wands
 w - a wand of acid (9)
Scrolls
 f - 6 scrolls of identify {unknown}
 o - 2 scrolls of remove curse {unknown}
 q - a scroll of enchant armour {unknown}
 s - a scroll of fear {unknown}
Potions
 d - a potion of curing {unknown}
 e - 2 potions of agility {unknown}
 g - a potion of lignification {unknown}
 k - a potion of berserk rage {unknown}
 l - a potion of cancellation {unknown}
 m - a potion of haste
 n - 3 potions of brilliance {unknown}
 r - 2 potions of flight {unknown}
 u - a potion of might
Comestibles
 c - 3 bread rations
 h - 13 chunks of flesh
 i - 3 royal jellies
 t - a meat ration


   Skills:
 + Level 3.4 Fighting
 + Level 3.5 Dodging
 + Level 2.3 Stealth
 + Level 3.6 Shields
 * Level 3.5 Unarmed Combat


You had 4 spell levels left.
You didn't know any spells.

Dungeon Overview and Level Annotations

Branches:
Dungeon (3/15)

Altars:


Innate Abilities, Weirdness & Mutations

You cannot wear most types of armour.
You are very stealthy in the water. (Stealth+)
You are amphibious.
You can wear up to eight rings at the same time.
You can use your tentacles to constrict eight enemies at once.
Your skin changes colour to match your surroundings (Stealth+).
Your rubbery body absorbs attacks. (AC +1, EV +1)


Message History

You are too injured to fight recklessly!
You are too injured to fight recklessly!
You tentacle-slap Robin but do no damage.
Robin is heavily wounded.
You constrict Robin.
Robin laughs in a distinctly smug fashion.
Robin hits you but does no damage. The goblin misses you.
You completely miss Robin.
Robin is severely wounded.
You constrict Robin. Robin hits you with a short sword.
* * * LOW HITPOINT WARNING * * *
The goblin barely misses you. Robin hits you with a short sword.
* * * LOW HITPOINT WARNING * * *
Unknown command.
You tentacle-slap Robin but do no damage.
Robin is almost dead.
You constrict Robin.
You kill Robin!
The goblin hits you with a club.
You die...

..## ##.###.....##
########### ..#
#....##...##
#..###....######
..........#
#...#.....#
..........#######
###.............# #
#.#####...###.########
# #.# ###....g@)......
# #.# ##############
###.# #...# #.### ..#
### # #


You could see a goblin.

Vanquished Creatures
  An orc priest (D:3)
  Terence (D:2)
  Robin (D:3)
  3 adders
  A worm (D:3)
  2 orcs (D:3)
  5 bats
  4 giant cockroaches
  8 goblins
  6 hobgoblins
  3 jackals (D:3)
  A quokka (D:2)
  6 frilled lizards
  3 kobolds
  5 rats
50 creatures vanquished.

Notes
Turn   | Place    | Note
-------+----------+-------------------------------------------
     0 | D:1      | KeeTraxx the Octopode Fighter began the quest for the Orb.
     0 | D:1      | Reached XP level 1. HP: 16/16 MP: 1/1
   164 | D:1      | Reached XP level 2. HP: 13/21 MP: 2/2
   661 | D:2      | Reached XP level 3. HP: 15/26 MP: 3/3
   891 | D:2      | Reached skill level 1 in Stealth
   908 | D:2      | Noticed Terence
   914 | D:2      | Killed Terence
   914 | D:2      | Reached XP level 4. HP: 30/31 MP: 4/4
  1753 | D:3      | Reached XP level 5. HP: 35/36 MP: 5/5
  1834 | D:3      | Noticed Robin
  1848 | D:3      | Killed Robin
  1848 | D:3      | Slain by a goblin

Vault maps used:
D:1:      minmay_arrival_solitary_statue, kennysheep_minor_cross
D:2:      first_bread, minmay_unequal, uniq_terence
D:3:      chequers_ecumenical_altar_simple, nemelex_diamond_rough_becter,
          uniq_robin

Skill      XL: |  1  2  3  4 |
---------------+-------------+-----
Stealth        | 1 2 |  2.3
Unarmed Combat | 3 |  3.5
Fighting       | |  3.4
Dodging        | |  3.5
Shields        | |  3.6

Action                   |  1- 3 |  4- 6 || total
-------------------------+-------+-------++-------
Melee: Unarmed           |    60 |    50 ||   110
       Tentacles         |    13 |    12 ||    25
       Constrict         |    15 |    15 ||    30
       Punch             |     1 |     3 ||     4
 Stab: Sleeping          |     4 |     6 ||    10
  Eat: Chunk             |       |     3 ||     3
Armor: Skin              |     9 |     4 ||    13
Dodge: Dodged            |    28 |    23 ||    51
Block: Shield            |    16 |     8 ||    24

Table legend:
 A = Spawn XP
 B = Non-spawn XP
 C = Spawn XP percentage of total XP
 D = Spawn monster count
 E = Non-spawn monster count
 F = Spawn count percentage of total count
 G = Total turns spent on level
                    A         B        C        D         E        F      G
               +---------+---------+-------+---------+---------+-------+---------
         Total |       0 |     208 |   0.0 |       0 |      50 |   0.0 |  1848
               +---------+---------+-------+---------+---------+-------+---------
           D:1 |       0 |      18 |   0.0 |       0 |      13 |   0.0 |   580
           D:2 |       0 |      86 |   0.0 |       0 |      18 |   0.0 |  1017
           D:3 |       0 |     104 |   0.0 |       0 |      19 |   0.0 |   251
               +---------+---------+-------+---------+---------+-------+---------
